 Dungeon Sprint DCSS version 0.26-a0-649-gf8c6c3aab7 (webtiles) character file.

Game seed: 10402827625564917057

5688 sahdkjhfkaj the Martial Artist (level 10, -1/84 HPs)
             Began as a Gnoll Transmuter on Sept 26, 2020.
             Was a High Priest of Sif Muna.
             Slain by a hell hog (3 damage)
             ... while paralysed by a floating eye
             ... in the Dungeon (Sprint VII: "The Pits").
             The game lasted 00:06:24 (2850 turns).

sahdkjhfkaj the Martial Artist (Gnoll Transmuter)   Turns: 2850, Time: 00:06:25

Health: -1/84      AC: 13    Str: 14    XL:     10   Next: 75%
Magic:  1/24       EV:  2    Int: 21    God:    Sif Muna [*****.]
Gold:   0          SH:  0    Dex: 15    Spells: 6/30 levels left

rFire    . . .     SeeInvis .     - Unarmed
rCold    . . .     Faith    .   (no shield)
rNeg     . . .     Spirit   .   n - +5 ring mail
rPois    .         Reflect  .   (no helmet)
rElec    .         Harm     .   m - +0 cloak
rCorr    .         Rampage  .   (no gloves)
MR       .....     NoTele   +   (no boots)
Stlth    ++++......             (no amulet)
HPRegen  0.24/turn              i - +3 ring of evasion
MPRegen  0.19/turn              j - +3 ring of intelligence

@: paralysed, very slightly contaminated, slowed
A: distributed training, fangs 1, strong nose
a: Channel Magic, Forget Spell, Divine Exegesis, Renounce Religion


You were in the Dungeon.
You worshipped Sif Muna.
Sif Muna was extremely pleased with you.
You visited 1 branch

Inventory:

Armour
 m - a +0 cloak (worn)
 n - a +5 ring mail (worn)
Jewellery
 i - a +3 ring of evasion (left hand)
 j - a +3 ring of intelligence (right hand)
Potions
 b - 2 potions of invisibility
 c - 7 potions of curing
 d - 7 potions of heal wounds
 e - 3 potions of haste
 f - 4 potions of magic
 g - a potion of berserk rage
 k - a potion of brilliance
 l - a potion of might


   Skills:
 + Level 9.7 Fighting
 + Level 9.3 Short Blades
 + Level 9.3 Long Blades
 + Level 9.3 Axes
 + Level 9.3 Maces & Flails
 + Level 9.3 Polearms
 + Level 9.3 Staves
 + Level 9.3 Slings
 + Level 9.3 Bows
 + Level 9.3 Crossbows
 + Level 9.3 Throwing
 + Level 9.3 Armour
 + Level 10.3 Dodging
 + Level 9.3 Stealth
 + Level 9.3 Shields
 + Level 11.2 Unarmed Combat
 + Level 10.5 Spellcasting
 + Level 7.8 Conjurations
 + Level 7.8 Hexes
 + Level 7.8 Summonings
 + Level 7.8 Necromancy
 + Level 7.8 Translocations
 + Level 8.8 Transmutations
 + Level 7.8 Fire Magic
 + Level 7.8 Ice Magic
 + Level 7.8 Air Magic
 + Level 7.8 Earth Magic
 + Level 7.8 Poison Magic
 + Level 10.1 Invocations
 + Level 9.3 Evocations


You had 6 spell levels left.
You knew the following spells:

 Your Spells              Type           Power        Failure   Level
a - Beastly Appendage     Tmut           #####.       1%          1
b - Dispel Undead         Necr           #####...     4%          4
c - Irradiate             Conj/Tmut      #####.....   10%         5
A - Blade Hands           Tmut           #####.....   9%          5
F - Ice Form              Ice/Tmut       #####...     3%          4
S - Summon Mana Viper     Hex/Summ       #####...     12%         5

Your spell library contained the following spells:

 Spells                   Type           Power        Failure   Level
 Pain                     Necr           ####         1%          1
 Shock                    Conj/Air       ####         1%          1
 Sting                    Tmut/Pois      ####         1%          1
 Corpse Rot               Necr/Air       N/A          1%          2
 Wereblood                Tmut           #####...     1%          2
 Dazzling Flash           Conj/Hex       #####.       1%          3
 Ignite Poison            Fire/Tmut/Pois #####...     1%          3
 Lesser Beckoning         Tloc           #####.....   1%          3
 Spider Form              Tmut/Pois      #####.....   1%          3
 Stone Arrow              Conj/Erth      #####.       1%          3
 Tukima's Dance           Hex            #####...     1%          3
 Fulminant Prism          Conj/Hex       #####.....   4%          4
 Olgreb's Toxic Radiance  Pois           #####...     4%          4
 Passage of Golubria      Tloc           N/A          4%          4
 Alistair's Intoxication  Tmut/Pois      #####....    10%         5
 Fireball                 Conj/Fire      #####.....   12%         5
 Metabolic Englaciation   Hex/Ice        #####.....   12%         5
 Eringya's Noxious Bog    Tmut/Pois      #####.....   50%         6
 Iron Shot                Conj/Erth      #####.....   56%         6
 Simulacrum               Ice/Necr       #####.....   56%         6
 Fire Storm               Conj/Fire      #####.....   100%        9


Dungeon Overview and Level Annotations

Branches:
Dungeon (1/1)

Altars:
Ashenzari
Cheibriados
Dithmenos
Elyvilon
Fedhas
Gozag
Hepliaklqana
Kikubaaqudgha
Makhleb
Nemelex Xobeh
Okawaru
Qazlal
Ru
Sif Muna
Trog
Uskayaw
Vehumet
Wu Jian
Xom
Yredelemnul
Zin
The Shining One
Beogh
Jiyva
Lugonu

Annotations:
D Maurice


Innate Abilities, Weirdness & Mutations

Your experience applies equally to all skills.
You have very sharp teeth.
Your uncanny sense of smell can sniff out nearby items.


Message History

The floating eye's stare focuses on you.
Your mana viper bites the hell hog.
The hell hog bites you! The hell hog breathes fire at you.
The fireball explodes!
The fireball engulfs you!!
The fireball engulfs the hell hog!
The hell hog resists.
The fireball engulfs your mana viper!!
The fireball engulfs the hell hog.
The hell hog resists.
Your mana viper bites the hell hog!
The hell hog bites you but does no damage.
The hell hog bites you!
* * * LOW HITPOINT WARNING * * *
Your mana viper bites the hell hog!!
Your mana viper bites the hell hog.
The hell hog bites you!
* * * LOW HITPOINT WARNING * * *
The wyvern hisses menacingly.
The hell hog bites you!
* * * LOW HITPOINT WARNING * * *
Your mana viper bites the hell hog.
Your mana viper bites the hell hog.
The hell hog bites you.
You die...

### ## ######### .#
....... ∆∆∆∆∆ . .# .....
∆∆∆∆∆ .# ##
####...######## ##... #
###..'...'..##..##Mlo..
###....##'##.....##YYYS..
.#....##...##...S#GhYYo..
.'..).'...[['...@hY{ioK..
.#..).##...##..Sh#yhyy...
###....##'##.....##So....
# ###..'...'..##..##{....
# ####...######## ##...
.# ..... ∆∆∆∆∆ .# .#
....... ∆∆∆∆∆ . ##
#########


You could see 4 hell hogs, a guardian mummy, 6 yaks, a wyvern, 3 vampire
mosquitoes, a big kobold, a spriggan, a floating eye (charged), an orc priest,
an adder, 3 orcs, a ball python and 2 friendly mana vipers.

Vanquished Creatures
  A hydra (D)
  An orc sorcerer (D)
  A smoke demon (D)
  A bog body (D)
  A tyrant leech (D)
  A flying skull (D)
  A shadow (D)
  A spriggan (D)
  A wraith (D)
  A fire bat (D)
  A basilisk (D)
  A chaos spawn (D)
  Menkaure (D)
  A porcupine (D)
  3 floating eyes (D)
  A necrophage (D)
  An ogre (D)
  3 wolves (D)
  A centaur (D)
  A gnoll sergeant (D)
  A bullfrog (D)
  4 wights (D)
  2 quasits (D)
  An iguana (D)
  A hell rat (D)
  5 gnolls (D)
  An ufetubus (D)
  An adder skeleton (D)
  A leopard gecko (D)
  A goblin (D)
  2 hobgoblins (D)
  A quokka (D)
  A ball python (D)
  A frilled lizard (D)
  A kobold (D)
48 creatures vanquished.

Vanquished Creatures (collateral kills)
  A spriggan air mage (D)
  A vampire mage (D)
  An unseen horror (D)
  A demonic crawler (D)
4 creatures vanquished.

Grand Total: 52 creatures vanquished

Notes
Turn   | Place    | Note
-------+----------+-------------------------------------------
     0 | D        | sahdkjhfkaj the Gnoll Transmuter began the quest for the
                  | Orb.
     0 | D        | Reached XP level 1. HP: 17/17 MP: 6/6
    17 | D        | Reached skill level 1 in Short Blades
    17 | D        | Reached skill level 1 in Long Blades
    17 | D        | Reached skill level 1 in Axes
    17 | D        | Reached skill level 1 in Maces & Flails
    17 | D        | Reached skill level 1 in Polearms
    17 | D        | Reached skill level 1 in Staves
    17 | D        | Reached skill level 1 in Slings
    17 | D        | Reached skill level 1 in Bows
    17 | D        | Reached skill level 1 in Crossbows
    17 | D        | Reached skill level 1 in Throwing
    17 | D        | Reached skill level 1 in Armour
    17 | D        | Reached skill level 1 in Stealth
    17 | D        | Reached skill level 1 in Shields
    17 | D        | Reached skill level 5 in Spellcasting
    17 | D        | Reached skill level 1 in Conjurations
    17 | D        | Reached skill level 1 in Hexes
    17 | D        | Reached skill level 1 in Summonings
    17 | D        | Reached skill level 1 in Necromancy
    17 | D        | Reached skill level 1 in Translocations
    17 | D        | Reached skill level 1 in Fire Magic
    17 | D        | Reached skill level 1 in Ice Magic
    17 | D        | Reached skill level 1 in Air Magic
    17 | D        | Reached skill level 1 in Earth Magic
    17 | D        | Reached skill level 1 in Poison Magic
    17 | D        | Reached skill level 1 in Invocations
    17 | D        | Reached skill level 1 in Evocations
    17 | D        | Reached XP level 2. HP: 23/23 MP: 6/8
    45 | D        | Found a bloodstained altar of Trog.
    45 | D        | Found a shimmering blue altar of Sif Muna.
    45 | D        | Found a viscous altar of Jiyva.
    45 | D        | Found a hazy altar of Hepliaklqana.
    45 | D        | Found an opulent altar of Gozag.
    46 | D        | Found a glowing golden altar of the Shining One.
    46 | D        | Found a glowing silver altar of Zin.
    46 | D        | Found a basalt altar of Yredelemnul.
    46 | D        | Found a shimmering altar of Xom.
    46 | D        | Found an ornate altar of the Wu Jian Council.
    46 | D        | Found a sacrificial altar of Ru.
    46 | D        | Found a stormy altar of Qazlal.
    46 | D        | Found an iron altar of Okawaru.
    46 | D        | Found a sparkling altar of Nemelex Xobeh.
    46 | D        | Found a burning altar of Makhleb.
    46 | D        | Found a blossoming altar of Fedhas.
    46 | D        | Found a white marble altar of Elyvilon.
    46 | D        | Found a shadowy altar of Dithmenos.
    46 | D        | Found a snail-covered altar of Cheibriados.
    47 | D        | Found a radiant altar of Vehumet.
    47 | D        | Found a corrupted altar of Lugonu.
    47 | D        | Found a roughly hewn altar of Beogh.
    48 | D        | Found a hide-covered altar of Uskayaw.
    48 | D        | Found an ancient bone altar of Kikubaaqudgha.
    48 | D        | Found a broken altar of Ashenzari.
    51 | D        | Became a worshipper of Sif Muna the Loreminder
   111 | D        | Reached * piety under Sif Muna
   225 | D        | Noticed a floating eye
   236 | D        | Reached ** piety under Sif Muna
   236 | D        | Reached skill level 5 in Dodging
   236 | D        | Reached XP level 3. HP: 21/29 MP: 10/10
   530 | D        | Killed a floating eye
   530 | D        | Reached skill level 7 in Unarmed Combat
   530 | D        | Reached XP level 4. HP: 29/38 MP: 10/12
   530 | D        | Reached XP level 5. HP: 33/43 MP: 10/13
   631 | D        | Learned a level 5 spell: Blade Hands
   636 | D        | Learned a level 4 spell: Ice Form
   705 | D        | Noticed a necrophage
   713 | D        | Reached skill level 5 in Transmutations
   714 | D        | Reached *** piety under Sif Muna
   714 | D        | Reached XP level 6. HP: 50/50 MP: 9/15
   715 | D        | Reached skill level 5 in Fighting
   720 | D        | Killed a necrophage
   720 | D        | Reached skill level 8 in Unarmed Combat
   720 | D        | Reached skill level 5 in Invocations
   867 | D        | Noticed Menkaure
   868 | D        | Noticed a floating eye
   870 | D        | Killed Menkaure
   870 | D        | Reached **** piety under Sif Muna
   870 | D        | Reached skill level 5 in Short Blades
   870 | D        | Reached skill level 5 in Long Blades
   870 | D        | Reached skill level 5 in Axes
   870 | D        | Reached skill level 5 in Maces & Flails
   870 | D        | Reached skill level 5 in Polearms
   870 | D        | Reached skill level 5 in Staves
   870 | D        | Reached skill level 5 in Slings
   870 | D        | Reached skill level 5 in Bows
   870 | D        | Reached skill level 5 in Crossbows
   870 | D        | Reached skill level 5 in Throwing
   870 | D        | Reached skill level 5 in Armour
   870 | D        | Reached skill level 5 in Stealth
   870 | D        | Reached skill level 5 in Shields
   870 | D        | Reached skill level 5 in Evocations
   870 | D        | Reached XP level 7. HP: 57/57 MP: 12/17
   915 | D        | Noticed a flying skull
   916 | D        | Killed a flying skull
   916 | D        | Reached ***** piety under Sif Muna
   916 | D        | Identified Sif Muna's Compendium of Lethal Poison (Sif Muna
                  | gifted it to you in the Dungeon)
   916 | D        | Received a gift from Sif Muna
   916 | D        | Reached skill level 9 in Unarmed Combat
   916 | D        | Reached skill level 5 in Conjurations
   916 | D        | Reached skill level 5 in Hexes
   916 | D        | Reached skill level 5 in Summonings
   916 | D        | Reached skill level 5 in Necromancy
   916 | D        | Reached skill level 5 in Translocations
   916 | D        | Reached skill level 5 in Fire Magic
   916 | D        | Reached skill level 5 in Ice Magic
   916 | D        | Reached skill level 5 in Air Magic
   916 | D        | Reached skill level 5 in Earth Magic
   916 | D        | Reached skill level 5 in Poison Magic
   922 | D        | Reached XP level 8. HP: 65/65 MP: 9/19
  1155 | D        | Noticed a shadow
  1163 | D        | Killed a shadow
  1276 | D        | Noticed an eight-headed hydra
  1276 | D        | Noticed a five-headed hydra
  1330 | D        | HP: 5/120 [five-headed hydra (14)]
  1332 | D        | Killed a five-headed hydra
  1332 | D        | Identified Maleikk's Handbook of Unholy Magic (Sif Muna
                  | gifted it to you in the Dungeon)
  1332 | D        | Received a gift from Sif Muna
  1332 | D        | Reached XP level 9. HP: 6/74 MP: 20/22
  1654 | D        | Learned a level 4 spell: Dispel Undead
  1773 | D        | Paralysed by a floating eye for 4 turns
  1780 | D        | Reached skill level 10 in Unarmed Combat
  2023 | D        | Noticed a tyrant leech
  2042 | D        | Identified Sif Muna's Grimoire of Poison and Enchantment
                  | (Sif Muna gifted it to you in the Dungeon)
  2042 | D        | Received a gift from Sif Muna
  2294 | D        | Killed a tyrant leech
  2348 | D        | Noticed an orc sorcerer
  2349 | D        | Noticed a smoke demon
  2355 | D        | Killed an orc sorcerer
  2355 | D        | Reached XP level 10. HP: 69/82 MP: 18/23
  2359 | D        | Killed a smoke demon
  2387 | D        | Reached skill level 10 in Spellcasting
  2388 | D        | Identified Esaobuor's Catalogue of the Entrancing Traveller
                  | (Sif Muna gifted it to you in the Dungeon)
  2388 | D        | Received a gift from Sif Muna
  2413 | D        | Learned a level 5 spell: Summon Mana Viper
  2654 | D        | Noticed a spriggan air mage
  2654 | D        | Noticed a vampire mage
  2658 | D        | Reached skill level 10 in Dodging
  2661 | D        | Killed a spriggan air mage
  2661 | D        | Reached skill level 11 in Unarmed Combat
  2664 | D        | Killed a vampire mage
  2664 | D        | Reached skill level 10 in Invocations
  2672 | D        | Killed an unseen horror
  2672 | D        | Identified Sif Muna's Guide on Confrontation (Sif Muna
                  | gifted it to you in the Dungeon)
  2672 | D        | Received a gift from Sif Muna
  2834 | D        | Learned a level 5 spell: Irradiate
  2839 | D        | Noticed a hell hog
  2840 | D        | Noticed a hell hog
  2840 | D        | Noticed a hell hog
  2841 | D        | Noticed Maurice
  2842 | D        | Paralysed by a floating eye for 2 turns
  2844 | D        | Noticed a hell hog
  2847 | D        | Paralysed by a floating eye for 4 turns
  2849 | D        | HP: 1/84 [hell hog (8)]
  2850 | D        | Slain by a hell hog

Illustrated notes

Levels and vault maps discovered:
D:        pitsprint [storerooms_1, entrance_room_1, metal_vault_2, armoury_1,
          mini_pit_1, grid_room_1, main_hall_1, silver_pit, the_coven_3,
          the_vestibule_1, steel_vault_3, golden_pit, hallway_of_sentries,
          crystal_vault_5, iron_vault_1, final_vault]

Skill      XL: |  1  2  3  4  5  6  7  8  9 10 |
---------------+-------------------------------+-----
Short Blades   | 1 2 3 4 5 6 7 8 9 |  9.3
Long Blades    | 1 2 3 4 5 6 7 8 9 |  9.3
Axes           | 1 2 3 4 5 6 7 8 9 |  9.3
Maces & Flails | 1 2 3 4 5 6 7 8 9 |  9.3
Polearms       | 1 2 3 4 5 6 7 8 9 |  9.3
Staves         | 1 2 3 4 5 6 7 8 9 |  9.3
Slings         | 1 2 3 4 5 6 7 8 9 |  9.3
Bows           | 1 2 3 4 5 6 7 8 9 |  9.3
Crossbows      | 1 2 3 4 5 6 7 8 9 |  9.3
Throwing       | 1 2 3 4 5 6 7 8 9 |  9.3
Armour         | 1 2 3 4 5 6 7 8 9 |  9.3
Stealth        | 1 2 3 4 5 6 7 8 9 |  9.3
Shields        | 1 2 3 4 5 6 7 8 9 |  9.3
Spellcasting   | 5 6 7 9 10 | 10.5
Conjurations   | 1 2 3 4 5 6 7 |  7.8
Hexes          | 1 2 3 4 5 6 7 |  7.8
Summonings     | 1 2 3 4 5 6 7 |  7.8
Necromancy     | 1 2 3 4 5 6 7 |  7.8
Translocations | 1 2 3 4 5 6 7 |  7.8
Fire Magic     | 1 2 3 4 5 6 7 |  7.8
Ice Magic      | 1 2 3 4 5 6 7 |  7.8
Air Magic      | 1 2 3 4 5 6 7 |  7.8
Earth Magic    | 1 2 3 4 5 6 7 |  7.8
Poison Magic   | 1 2 3 4 5 6 7 |  7.8
Invocations    | 1 2 3 4 5 6 8 9 10 | 10.1
Evocations     | 1 2 3 4 5 6 7 8 9 |  9.3
Fighting       | 3 4 5 6 7 8 9 |  9.7
Dodging        | 5 6 7 8 9 10 | 10.3
Transmutations | 4 5 6 7 8 |  8.8
Unarmed Combat | 7 8 9 10 11 | 11.2

Action                   |  1- 3 |  4- 6 |  7- 9 | 10-12 || total
-------------------------+-------+-------+-------+-------++-------
Melee: Unarmed           |    22 |    16 |    72 |    31 ||   141
       Kick              |     5 |     1 |       |       ||     6
       Headbutt          |     5 |       |       |       ||     5
       Bite              |     2 |     1 |     4 |     3 ||    10
       Punch             |     1 |       |     2 |     1 ||     4
 Cast: Beastly Appendage |     5 |       |       |       ||     5
       Blade Hands       |       |     2 |     7 |     2 ||    11
       Ice Form          |       |       |     1 |       ||     1
       Summon Mana Viper |       |       |       |     4 ||     4
  Use: Potion            |       |       |     4 |     3 ||     7
       Scroll            |       |       |       |     1 ||     1
 Stab: Sleeping          |     1 |       |     2 |       ||     3
       Distracted        |       |       |     1 |       ||     1
Armor: Robe              |     5 |     1 |     3 |       ||     9
       Skin              |       |       |     8 |       ||     8
       Ring mail         |       |       |    19 |    41 ||    60
Dodge: Dodged            |    24 |     9 |    84 |    93 ||   210

Table legend: (Time is in decaauts)
 A = Elapsed time spent in this place.
 B = Non-inter-level travel time spent in this place.
 C = Inter-level travel time spent in this place.
 D = Time resting spent in this place.
 E = Time spent auto-exploring this place.
 F = Levels seen in this place.
 G = Mean time per level.
                   A        B        C        D        E       F      G
               +--------+--------+--------+--------+--------+-----+--------+
         Total |   2854 |   2739 |    115 |   2135 |      0 |   1 | 2854.0 |
       Dungeon |   2854 |   2739 |    115 |   2135 |      0 |   1 | 2854.0 |
               +--------+--------+--------+--------+--------+-----+--------+

Top non-repeatable levels by time:
       D: 2854 daAuts
